maxine, chaotic female human Rogue -- - .| --- ---... ---h------.... | .----- --.)hG.G.(..- - --- | -----..-..|..-------...).....<.---- .......----- - |...........................*.@G...................................| |.... |.......-------..f--.|....--- .......- ----- -- -- - --...... |.......--..---..------..-- ....- |.........................).| ..... ---...........--..(.)......-- .....- --........-- ---.>|...---- -....| --...|. -----.-- |)..-- |. --- --- --.-- -- --- maxine the Cutpurse Experience level: 3 Strength: 12 Dexterity: 18 Constitution: 10 Intelligence: 10 Wisdom: 9 Charisma: 12 Health: 0(23) Energy: 12(12) Def: 3 Gold: 329 Moves: 1698 Dungeon seed: q8-ByKSeaSxMELAl Game ID: maxine_1532980385 Your Inventory: Coins $ - 329 gold pieces Weapons a - an uncursed +0 dagger named Sharptooth (weapon in hand) Armor e - an uncursed +1 leather armor (being worn) Comestibles h - 3 uncursed food rations j - 2 uncursed lichen corpses t - an uncursed cherry v - an uncursed melon Tools g - an uncursed tin whistle i - an uncursed blindfold named nc k - an uncursed lock pick o - an uncursed tinning kit (0:50) x - an uncursed tin whistle y - 7 cursed wax candles (0:400) B - an uncursed sack Gems n - 2 uncursed worthless pieces of black glass q - 2 uncursed worthless pieces of green glass r - an uncursed amethyst stone z - an uncursed worthless piece of violet glass Contents of the sack: 123 gold pieces an uncursed +0 short sword an uncursed scroll of enchant weapon an uncursed scroll of remove curse a cursed scroll of remove curse a blessed potion of paralysis an uncursed potion of sickness an uncursed potion of water Spells and supernatural/magical abilities: Name Level Category Fail Memory W - pray for help -- divine ? -- Your skills at the end: Fighting Skills Weapon Skills dagger [Basic] short sword [Basic] Spellcasting Skills Final Attributes: You were piously aligned. You were stealthy. You are dead. Vanquished creatures: a gnome lord a gas spore 2 giant rats a cave spider a yellow mold a red mold 5 gnomes a gnome zombie 3 geckos 5 foxes 2 kobolds a sewer rat 3 grid bugs 5 lichens 2 kobold zombies 9 newts 43 creatures vanquished. Voluntary challenges: You used a wielded weapon 36 times, starting on turn 1. You read items or engraved 12 times, starting on turn 1673. You never genocided any monsters. You never polymorphed an object. You never changed form. You used no wishes. You never split a pudding. You wrote Elbereth's name 12 times, starting on turn 1673. You never violated your personal moral code. Dungeon overview: The Dungeons of Doom: levels 1 to 5 Level 1 a fountain a long staircase Level 2 some fountains, a sink Level 3 a general store, a fountain Level 4 an altar to Kos, a fountain stairs to The Gnomish Mines Level 5 The Gnomish Mines: Level 5 <- You were here stairs to The Dungeons of Doom History has recorded: On T:1 you entered the Dungeons of Doom to retrieve the Amulet of Yendor! On T:57 you reached level 2 of The Dungeons of Doom. On T:335 you advanced to experience level 2. On T:545 you reached level 3 of The Dungeons of Doom. On T:1294 you advanced to experience level 3. On T:1331 you reached level 4 of The Dungeons of Doom. On T:1425 you reached level 5 of The Dungeons of Doom. On T:1606 you reached level 1 of The Gnomish Mines. Score breakdown: Gold: 452 ( 9035 points) Experience: 3 levels ( 7878 points) Exploration: 5 levels ( 10.20%) ( 8660 points) Discoveries: 3 items ( 1.01%) ( 3010 points) Valuables value: (no points given unless you survive) Artifact value: 0 ( 0 points) Variety of kills: 16 monsters ( 4.20%) ( 6147 points) Turncount: 1698 turns ( 0 points) Survival: died (score multiplied by 80%) Total score: 27784 Latest messages: You have nothing appropriate for your quiver! You hit the gnome. The dwarf picks up 2 uncursed +0 daggers. The gnome swings his crossbow. The gnome hits! You write in the dust with your fingers. The gnome turns to flee! You add to the writing in the dust with your fingers. The dwarf wields an uncursed +0 dagger! The gnome turns to flee! Trouble drops a dagger. You add to the writing in the dust with your fingers. The gnome turns to flee! You add to the writing in the dust with your fingers. The gnome shoots a crossbow bolt! The crossbow bolt hits the gnome. You hit the gnome. The gnome zaps an iridium wand! The wand hits you! You die... Final status: Goodbye maxine the Rogue, killed by a wand... You died in The Gnomish Mines on dungeon level 5 with 27784 points, and 452 pieces of gold, after 1698 moves. You were level 3 with a maximum of 23 hit points when you died.